3AA
OTTAWA NATIONALS @ RICHLAND RAILS
09/18/2039
 
TOP OF THE 1ST
Ottawa Nationals batting - Pitching for Richland Rails : RHP Zuo-lin Liang
Pitching: RHP Zuo-lin Liang
Batting: SHB Júlio Moreno 0-0: Ball
1-0: Foul Ball, location: 2F
1-1: Ball
2-1: Called Strike
2-2: Strikes out swinging
Batting: RHB Sallvador Rebola 0-0: Ground out 5-3 (Groundball, 5, EV 81.2 MPH)
Batting: RHB Amor Campos 0-0: Fly out, F5 (Popup, 56S, EV 80.6 MPH)
Top of the 1st over - 0 runs, 0 hits, 0 errors, 0 left on base; Ottawa 0 - Richland 0
BOTTOM OF THE 1ST
Richland Rails batting - Pitching for Ottawa Nationals : RHP Ernest Brock
Pitching: RHP Ernest Brock
Batting: LHB Josh Wiggins 0-0: Ball
1-0: Ball
2-0: Ball
3-0: Base on Balls
Batting: LHB Huibrecht Bloemheuvel 0-0: Ball
1-0: Called Strike
1-1: Called Strike
1-2: Ball
2-2: Fly out, F8 (Line Drive, 8LM, EV 95.0 MPH)
Batting: SHB Koryusai Ohayashi 0-0: Ball
Josh Wiggins steals 2nd base
1-0: Foul Ball, location: 2F
1-1: Swinging Strike
1-2: Strikes out swinging
Batting: RHB Vinnie Nuyten 0-0: Swinging Strike
0-1: Foul Ball, location: 2F
0-2: Ball
1-2: Fly out, F4 (Popup, 4S, EV 75.0 MPH)
Bottom of the 1st over - 0 runs, 0 hits, 0 errors, 1 left on base; Ottawa 0 - Richland 0
TOP OF THE 2ND
Ottawa Nationals batting - Pitching for Richland Rails : RHP Zuo-lin Liang
Batting: LHB Jason Powell 0-0: DOUBLE (Line Drive, 89D, EV 105.6 MPH)
Batting: RHB Rey McSriff 0-0: Ball
1-0: Ball
2-0: Swinging Strike
2-1: Ball
3-1: Base on Balls
Batting: RHB Cary Collins 0-0: Ball
1-0: Ball
2-0: Ball
3-0: Foul Ball, location: 2F
3-1: Base on Balls
Jason Powell to third
Rey McSriff to second
Batting: LHB Juan Rodríguez 0-0: Swinging Strike
0-1: Ball
1-1: Foul Ball, location: 2F
1-2: Ball
2-2: Strikes out looking
Batting: RHB Dylan Oram 0-0: Foul Ball, location: 2F
0-1: Called Strike
0-2: Ball
1-2: Foul Ball, location: 2F
1-2: Foul Ball, location: 2F
1-2: Grounds into double play, 5-4-3 (Groundball, 56S, EV 82.5 MPH)
Top of the 2nd over - 0 runs, 1 hit, 0 errors, 2 left on base; Ottawa 0 - Richland 0
BOTTOM OF THE 2ND
Richland Rails batting - Pitching for Ottawa Nationals : RHP Ernest Brock
Batting: RHB César Vélez 0-0: Ball
1-0: Foul Ball, location: 2F
1-1: Called Strike
1-2: Ball
2-2: Ball
3-2: Foul Ball, location: 2F
3-2: Foul Ball, location: 2F
3-2: Ground out 5-3 (Groundball, 56, EV 85.6 MPH)
Batting: LHB Alje de Gast 0-0: Fly out, F7 (Flyball, 7LMF, EV 101.2 MPH)
Batting: RHB Muoi Hoan 0-0: Ball
1-0: Swinging Strike
1-1: Foul Ball, location: 2F
1-2: Foul Ball, location: 2F
1-2: Foul Ball, location: 2F
1-2: Fly out, F9 (Flyball, 89D, EV 90.6 MPH)
Bottom of the 2nd over - 0 runs, 0 hits, 0 errors, 0 left on base; Ottawa 0 - Richland 0
TOP OF THE 3RD
Ottawa Nationals batting - Pitching for Richland Rails : RHP Zuo-lin Liang
Batting: RHB Chi-hyeong Kim 0-0: Ball
1-0: Fly out, F7 (Line Drive, 7D, EV 98.1 MPH)
Batting: SHB Júlio Moreno 0-0: Ball
1-0: Ball
2-0: Foul Ball, location: 2F
2-1: Swinging Strike
2-2: Foul Ball, location: 2F
2-2: Foul Ball, location: 2F
2-2: Foul Ball, location: 2F
2-2: Ball
3-2: Fly out, F7 (Flyball, 7LS, EV 73.1 MPH)
Batting: RHB Sallvador Rebola 0-0: Ball
1-0: Swinging Strike
1-1: Fly out, F6 (Popup, 6S, EV 81.2 MPH)
Top of the 3rd over - 0 runs, 0 hits, 0 errors, 0 left on base; Ottawa 0 - Richland 0
BOTTOM OF THE 3RD
Richland Rails batting - Pitching for Ottawa Nationals : RHP Ernest Brock
Batting: RHB Kel Warren 0-0: Swinging Strike
0-1: Foul Ball, location: 2F
0-2: Foul Ball, location: 2F
0-2: Fly out, F7 (Line Drive, 7, EV 101.2 MPH)
Batting: RHB Corey Hines 0-0: Called Strike
0-1: Ball
1-1: Called Strike
1-2: Foul Ball, location: 2F
1-2: Fly out, F9 (Flyball, 9, EV 82.5 MPH)
Batting: LHB Josh Wiggins 0-0: Ball
1-0: Ball
2-0: Ball
3-0: Base on Balls
Batting: LHB Huibrecht Bloemheuvel 0-0: Ball
1-0: Ball
Josh Wiggins steals 2nd base
2-0: Foul Ball, location: 2F
2-1: Foul Ball, location: 2F
2-2: Fly out, F5 (Popup, 5S, EV 80.0 MPH)
Bottom of the 3rd over - 0 runs, 0 hits, 0 errors, 1 left on base; Ottawa 0 - Richland 0
TOP OF THE 4TH
Ottawa Nationals batting - Pitching for Richland Rails : RHP Zuo-lin Liang
Batting: RHB Amor Campos 0-0: Called Strike
0-1: Ball
1-1: Ball
2-1: Ball
3-1: Base on Balls
Batting: LHB Jason Powell 0-0: Called Strike
0-1: Swinging Strike
0-2: Ball
1-2: Strikes out swinging
Batting: RHB Rey McSriff 0-0: Swinging Strike
0-1: Ball
1-1: Foul Ball, location: 2F
1-2: Strikes out looking
Batting: RHB Cary Collins 0-0: Foul Ball, location: 2F
0-1: Ball
1-1: Foul Ball, location: 2F
1-2: Ball
2-2: Fielders Choice at 2nd, 6-4 (Groundball, 6, EV 76.9 MPH)
Top of the 4th over - 0 runs, 0 hits, 0 errors, 1 left on base; Ottawa 0 - Richland 0
BOTTOM OF THE 4TH
Richland Rails batting - Pitching for Ottawa Nationals : RHP Ernest Brock
Batting: SHB Koryusai Ohayashi 0-0: Called Strike
0-1: Ball
1-1: Called Strike
1-2: Strikes out looking
Batting: RHB Vinnie Nuyten 0-0: Ball
1-0: Called Strike
1-1: Ball
2-1: Swinging Strike
2-2: Ball
3-2: Foul Ball, location: 2F
3-2: Fly out, F8 (Flyball, 8LS, EV 96.2 MPH)
Batting: RHB César Vélez 0-0: Hit by Pitch
Batting: LHB Alje de Gast 0-0: Ground out 6-3 (Groundball, 6M, EV 100.0 MPH)
Bottom of the 4th over - 0 runs, 0 hits, 0 errors, 1 left on base; Ottawa 0 - Richland 0
TOP OF THE 5TH
Ottawa Nationals batting - Pitching for Richland Rails : RHP Zuo-lin Liang
Batting: LHB Juan Rodríguez 0-0: Ball
1-0: Ground out 5-3 (Groundball, 56, EV 85.0 MPH)
Batting: RHB Dylan Oram 0-0: Foul Ball, location: 2F
0-1: Foul Ball, location: 2F
0-2: Foul Ball, location: 2F
0-2: Ball
1-2: Ball
2-2: Ground out 5-3 (Groundball, 56, EV 97.5 MPH)
Batting: RHB Chi-hyeong Kim 0-0: Ball
1-0: Swinging Strike
1-1: SINGLE (Line Drive, 78S, EV 96.2 MPH)
Batting: SHB Júlio Moreno 0-0: Called Strike
0-1: Swinging Strike
0-2: Ball
1-2: Strikes out swinging
Top of the 5th over - 0 runs, 1 hit, 0 errors, 1 left on base; Ottawa 0 - Richland 0
BOTTOM OF THE 5TH
Richland Rails batting - Pitching for Ottawa Nationals : RHP Ernest Brock
Batting: RHB Muoi Hoan 0-0: Fly out, F6 (Line Drive, 6, EV 67.5 MPH)
Batting: RHB Kel Warren 0-0: Foul Ball, location: 2F
0-1: Ball
1-1: Ball
2-1: Ball
3-1: Ground out 6-3 (Groundball, 6, EV 92.5 MPH)
Batting: RHB Corey Hines 0-0: Fly out, F9 (Flyball, 89M, EV 93.8 MPH)
Bottom of the 5th over - 0 runs, 0 hits, 0 errors, 0 left on base; Ottawa 0 - Richland 0
TOP OF THE 6TH
Ottawa Nationals batting - Pitching for Richland Rails : RHP Zuo-lin Liang
Batting: RHB Sallvador Rebola 0-0: Ball
1-0: Foul Ball, location: 2F
1-1: Foul Ball, location: 2F
1-2: Ball
2-2: Fly out, F8 (Flyball, 8RD, EV 100.6 MPH)
Batting: RHB Amor Campos 0-0: Foul Ball, location: 2F
0-1: Foul Ball, location: 2F
0-2: Foul Ball, location: 2F
0-2: Ball
1-2: Strikes out looking
Batting: LHB Jason Powell 0-0: Ground out 6-3 (Groundball, 6, EV 85.0 MPH)
Top of the 6th over - 0 runs, 0 hits, 0 errors, 0 left on base; Ottawa 0 - Richland 0
BOTTOM OF THE 6TH
Richland Rails batting - Pitching for Ottawa Nationals : RHP Ernest Brock
Pitching: RHP Jesús Torres
Batting: LHB Josh Wiggins 0-0: Called Strike
0-1: Ball
1-1: Foul Ball, location: 2F
1-2: Fly out, F7 (Flyball, 7, EV 93.1 MPH)
Batting: LHB Huibrecht Bloemheuvel 0-0: Fly out, F9 (Line Drive, 9D, EV 83.1 MPH)
Batting: SHB Koryusai Ohayashi 0-0: SINGLE (Flyball, 8LS, EV 88.8 MPH)
Batting: RHB Vinnie Nuyten 0-0: Ball
Koryusai Ohayashi steals 2nd, throwing error, E2
Koryusai Ohayashi to third
1-0: Called Strike
1-1: DOUBLE (Line Drive, 89XD, EV 102.5 MPH)
Koryusai Ohayashi scores
Batting: RHB César Vélez 0-0: Fly out, F8 (Flyball, 8RS, EV 91.2 MPH)
Bottom of the 6th over - 1 run, 2 hits, 1 error, 1 left on base; Ottawa 0 - Richland 1
TOP OF THE 7TH
Ottawa Nationals batting - Pitching for Richland Rails : RHP Zuo-lin Liang
Now at SS: Hsui-chuan Hong
Now in RF: Júlio Solís
Batting: RHB Rey McSriff 0-0: SINGLE (Line Drive, 9LS, EV 110.6 MPH)
Batting: RHB Cary Collins 0-0: Ball
1-0: Bunted foul
1-1: Bunt missed!
1-2: Fly out, F8 (Flyball, 8LM, EV 92.5 MPH)
Batting: LHB Juan Rodríguez 0-0: Ball
1-0: Ball
2-0: Ball
3-0: Base on Balls
Rey McSriff to second
Batting: RHB Dylan Oram 0-0: Grounds into double play, 4-6-3 (Groundball, 4, EV 88.1 MPH)
Top of the 7th over - 0 runs, 1 hit, 0 errors, 1 left on base; Ottawa 0 - Richland 1
BOTTOM OF THE 7TH
Richland Rails batting - Pitching for Ottawa Nationals : RHP Jesús Torres
Batting: LHB Alje de Gast 0-0: Ball
1-0: Foul Ball, location: 2F
1-1: DOUBLE (Line Drive, 89D, EV 104.4 MPH)
Batting: RHB Muoi Hoan 0-0: Ball
1-0: Called Strike
1-1: Foul Ball, location: 2F
1-2: DOUBLE (Line Drive, 3D, EV 100.6 MPH)
Alje de Gast scores
Batting: RHB Kel Warren 0-0: Intentional Walk
Batting: RHB Corey Hines 0-0: Sac Bunt to 23 - play at first, batter OUT! 3-4
Muoi Hoan to third
Kel Warren to second
Batting: LHB Josh Wiggins 0-0: Called Strike
0-1: Ball
1-1: Ball
2-1: Fly out, F7 (Flyball, 78S, EV 93.8 MPH)
Batting: LHB Júlio Solís 0-0: Ball
1-0: Foul Ball, location: 2F
1-1: Ball
2-1: Fly out, F8 (Flyball, 8LD, EV 104.4 MPH)
Bottom of the 7th over - 1 run, 2 hits, 0 errors, 2 left on base; Ottawa 0 - Richland 2
TOP OF THE 8TH
Ottawa Nationals batting - Pitching for Richland Rails : RHP Zuo-lin Liang
Batting: RHB Chi-hyeong Kim 0-0: Called Strike
0-1: Foul Ball, location: 2F
0-2: Ball
1-2: SINGLE (Groundball, 56D, EV 103.8 MPH)
Pitching: RHP Jing Hsi
Batting: SHB Júlio Moreno 0-0: Swinging Strike
0-1: Called Strike
0-2: Ground out 4-3 (Groundball, 34D, EV 103.8 MPH)
Chi-hyeong Kim to second
Batting: RHB Sallvador Rebola 0-0: Ground out 4-3 (Groundball, 4, EV 86.2 MPH)
Chi-hyeong Kim to third
Batting: RHB Amor Campos 0-0: Foul Ball, location: 2F
0-1: TRIPLE (Line Drive, 8RXD, EV 111.2 MPH)
Chi-hyeong Kim scores
Batting: LHB Jason Powell 0-0: Fly out, F8 (Flyball, 89M, EV 88.8 MPH)
Top of the 8th over - 1 run, 2 hits, 0 errors, 1 left on base; Ottawa 1 - Richland 2
BOTTOM OF THE 8TH
Richland Rails batting - Pitching for Ottawa Nationals : RHP Jesús Torres
Batting: SHB Koryusai Ohayashi 0-0: Ball
1-0: SINGLE (Line Drive, 9LS, EV 93.8 MPH)
Batting: RHB Hsui-chuan Hong 0-0: DOUBLE (Flyball, 89D, EV 90.6 MPH)
Koryusai Ohayashi to third
Batting: RHB César Vélez 0-0: Called Strike
0-1: Swinging Strike
0-2: Strikes out looking
Batting: LHB Alje de Gast 0-0: Called Strike
0-1: Ball
1-1: Foul Ball, location: 2F
1-2: Ball
2-2: Foul Ball, location: 2F
2-2: Ball
3-2: Foul Ball, location: 2F
3-2: SINGLE (Line Drive, 4M, EV 106.2 MPH)
Koryusai Ohayashi scores
Hsui-chuan Hong to third
Runner from 3rd tries for Home, SAFE, throw by CF to home
Pitching: RHP Ken Dundee
Batting: RHB Muoi Hoan 0-0: Called Strike
0-1: Ball
1-1: Fielders Choice at 2nd, 2-4 (Groundball, 15S, EV 69.4 MPH)
Batting: RHB Kel Warren 0-0: Ball
1-0: Ball
2-0: Swinging Strike
2-1: Ball
3-1: Foul Ball, location: 2F
3-2: SINGLE (Flyball, 89S, EV 98.8 MPH)
Muoi Hoan to second
Muoi Hoan to third
Batting: RHB Corey Hines 0-0: Fielders Choice at 2nd, 6-4 (Groundball, 6, EV 88.1 MPH)
Bottom of the 8th over - 2 runs, 4 hits, 0 errors, 2 left on base; Ottawa 1 - Richland 4
TOP OF THE 9TH
Ottawa Nationals batting - Pitching for Richland Rails : RHP Jing Hsi
Batting: RHB Rey McSriff 0-0: Ball
1-0: Swinging Strike
1-1: Fly out, F7 (Line Drive, 7, EV 89.4 MPH)
Batting: RHB Cary Collins 0-0: Called Strike
0-1: Foul Ball, location: 2F
0-2: Ball
1-2: Foul Ball, location: 2F
1-2: Foul Ball, location: 2F
1-2: Strikes out swinging
Batting: LHB Juan Rodríguez 0-0: Ball
1-0: Called Strike
1-1: Swinging Strike
1-2: Strikes out looking
Top of the 9th over - 0 runs, 0 hits, 0 errors, 0 left on base; Ottawa 1 - Richland 4
Wednesday, July 8th, 2020 - OOTP Baseball 20.8 Build 74